 Dungeon Crawl Stone Soup version 0.18.1-8-gdd0e5ea (webtiles) character file.

49 Shearov the Sneak (level 3, -1/24 HPs)
             Began as an Octopode Assassin on June 2, 2016.
             Slain by cruasano's ghost (4 damage)
             ... on level 3 of the Dungeon.
             The game lasted 00:03:57 (1425 turns).

Shearov the Sneak (Octopode Assassin)               Turns: 1425, Time: 00:03:58

Health: -1/24      AC:  9    Str: 10    XL:     3   Next: 77%
Magic:  3/3        EV:  9    Int: 13    God:
Gold:   76         SH:  8    Dex: 14    Spells: 0 memorised, 2 levels left

rFire  . . .     SeeInvis .     m - +1 dagger (protect)
rCold  . . .     Gourm    .     q - +2 shield {AC+3}
rNeg   . . .     Faith    .     (helmet restricted)
rPois  .         Spirit   .     (no amulet)
rElec  .         Dismiss  .     (no ring)
rCorr  .         Reflect  .     (no ring)
SustAt .         Harm     .     (no ring)
MR     .....                    (no ring)
Stlth  +++++.....               (no ring)
                                (no ring)
                                (no ring)
                                (no ring)

@: not resistant to hostile enchantments, quite stealthy
A: almost no armour, amphibious, 8 rings, constrict 8, camouflage 1, gelatinous
body 1
a: no special abilities


You were on level 3 of the Dungeon.
You were not hungry.

You visited 1 branch of the dungeon, and saw 3 of its levels.

You collected 76 gold pieces.

Inventory:

Hand Weapons
 a - a +2 dagger
 b - a +0 blowgun
 m - a +1 dagger of protection (weapon)
Missiles
 c - 8 poisoned needles
 d - 2 curare-tipped needles
Armour
 q - a +2 shield of protection (worn)
Jewellery
 j - an uncursed ring of magical power {unknown}
 s - a +6 amulet of reflection {unknown}
Scrolls
 g - 4 scrolls of identify {unknown}
 h - 4 scrolls of enchant weapon {unknown}
 i - 3 scrolls of remove curse {unknown}
 l - a scroll of enchant armour {unknown}
 n - a scroll of recharging {unknown}
 u - a scroll of teleportation {unknown}
Potions
 e - 2 potions of heal wounds {unknown}
 o - a potion of berserk rage {unknown}
 r - 2 potions of might {unknown}
 t - a potion of degeneration {unknown}
Comestibles
 f - 3 bread rations
 k - 2 slices of pizza
 p - 2 beef jerkies
 v - 2 chunks of flesh


   Skills:
 + Level 2.0 Fighting
 + Level 2.0 Short Blades
 + Level 2.2 Throwing
 + Level 1.1 Dodging
 * Level 7.1 Stealth


You had 2 spell levels left.
You didn't know any spells.

Dungeon Overview and Level Annotations

Branches:
Dungeon (3/15)

Altars:
Cheibriados
Qazlal

Annotations:
D:3 cruasano's ghost, amateur DrBe


Innate Abilities, Weirdness & Mutations

You cannot wear most types of armour.
You are amphibious.
You can wear up to eight rings at the same time.
You can use your tentacles to constrict eight enemies at once.
Your skin changes colour to match your surroundings (Stealth).
Your rubbery body absorbs attacks (AC +1).


Message History

You hit cruasano's ghost but do no damage.
You squeeze cruasano's ghost!
Cruasano's ghost is moderately damaged.
Cruasano's ghost stares at you. Cruasano's ghost hits you.
You barely miss cruasano's ghost. You squeeze cruasano's ghost.
Cruasano's ghost is moderately damaged.
Cruasano's ghost laughs crazily.
Cruasano's ghost barely misses you.
You hit cruasano's ghost but do no damage.
Cruasano's ghost is moderately damaged.
Cruasano's ghost hits you.
You hit cruasano's ghost but do no damage.
Cruasano's ghost is moderately damaged.
Cruasano's ghost hits you!
* * * LOW HITPOINT WARNING * * *
You closely miss cruasano's ghost.
Cruasano's ghost is moderately damaged.
Cruasano's ghost hits you.
You die...

#.........# ..# .#
#.........###..###..
#.....$...##........
#.............#..#..
#.............#.....
#...........<....
#...........#..#
#[........@W#..#
#.............###.
###...............
##....#.#.....###.
.........#....###
###..###..$.....##.
#$.# #...(.......
...............#..
.......##...#.### #


You could see cruasano's ghost.

Vanquished Creatures
  An ooze (D:1)
  A dart slug (D:2)
  A giant gecko (D:2)
  A ball python (D:1)
  3 bats
  2 giant cockroaches
  6 goblins
  7 hobgoblins
  6 jackals
  A giant newt (D:2)
  4 kobolds
  2 rats (D:1)
35 creatures vanquished.

Notes
Turn   | Place    | Note
--------------------------------------------------------------
     0 | D:1      | Shearov the Octopode Assassin began the quest for the Orb.
     0 | D:1      | Reached XP level 1. HP: 14/14 MP: 1/1
    88 | D:1      | Reached XP level 2. HP: 14/19 MP: 2/2
   157 | D:1      | Reached skill level 6 in Stealth
   503 | D:1      | Reached XP level 3. HP: 24/24 MP: 3/3
   656 | D:2      | Found a snail-covered altar of Cheibriados.
   757 | D:2      | Found a stormy altar of Qazlal.
   757 | D:2      | Noticed a water elemental
   759 | D:2      | Noticed an earth elemental
   759 | D:2      | Noticed an air elemental
   759 | D:2      | Noticed a fire elemental
  1361 | D:3      | Noticed cruasano's ghost (amateur DrBe)
  1385 | D:2      | Reached skill level 7 in Stealth
  1425 | D:3      | Slain by cruasano's ghost

Skill      XL: |  1  2  3 |
---------------+----------+-----
Stealth        | 6 7 |  7.1
Fighting       | |  2.0
Short Blades   | |  2.0
Throwing       | |  2.2
Dodging        | |  1.1

Action                   || total
-------------------------++-------
Melee: Dagger            ||    83
       Constrict         ||    18
       Tentacles         ||    17
 Stab: Sleeping          ||     9
       Distracted        ||     1
  Eat: Chunk             ||     2
Armor: Skin              ||    24
Dodge: Dodged            ||    40
Block: Shield            ||    22
